AoeStats
← raw0000

Fortress

509542759Analyzed
4v4 RM · 6d ago on Sep 27, 2026· 41m 46s· 8 players
Game mode
Random Map
Map size
Huge
Population
200
Speed
Normal
Resources
Standard
Victory
Conquest
Starting age
Dark Age
Ending age
Imperial Age
RankedLock teamsTeams togetherTeam positionsShared explorationLock speedFull tech treeHidden civsTurbo modeCheats
Victory
Defeat
🇹🇷 Spanish · Türkiye
1265
+15
🇺🇸 Vikings · United States
1244
+15
🇺🇸 Franks · United States
1239
+16
🇷🇴 Malians · Romania
1215
+17
🇨🇳 Saxons · China
1328
-20
🇵🇪 Mongols · Peru
1283
-18
🇮🇳 Burgundians · India
1251
-16
🇨🇳 Byzantines · China
1061
-9
The Uncle
7:33 Feudal Age
11:36 Castle Age
9:25 Double-Bit Axe
11:47 Horse Collar
12:02 Gold Mining
12:02 Stone Mining
13:12 Fervor
13:22 Sanctity
15:06 Sanctity
20:22 Bow Saw
21:23 Wheelbarrow
20:34 Town Watch
20:34 Loom
23:07 Hand Cart
26:21 Imperial Age
25:58 Padded Archer Armor
26:56 Stone Shaft Mining
26:23 Heavy Plow
27:39 Husbandry
27:49 Bloodlines
27:57 Leather Archer Armor
27:04 Elite Conquistador
28:08 Conscription
31:09 Ring Archer Armor
31:45 Guilds
32:06 Coinage
32:50 Two-Man Saw
35:56 Caravan
36:26 Banking
36:36 Ballistics
37:17 Chemistry
36:40 Ballistics
36:22 Light Cavalry
37:14 Forging
37:10 Scale Barding Armor
37:34 Hussar
40:03 Scale Mail Armor
40:38 Iron Casting
40:24 Chain Barding Armor
MCMLXX
7:55 Feudal Age
12:27 Castle Age
10:18 Horse Collar
10:56 Double-Bit Axe
12:40 Loom
17:10 Bow Saw
20:23 Stone Mining
21:24 Gold Mining
22:45 Wheelbarrow
25:28 Imperial Age
24:28 Forging
24:45 Squires
24:51 Scale Mail Armor
26:00 Iron Casting
25:35 Heavy Plow
26:24 Hand Cart
26:27 Chain Mail Armor
27:14 Conscription
27:10 Elite Gbeto
29:02 Plate Mail Armor
28:18 Capped Ram
30:25 Town Watch
30:33 Fletching
34:35 Farimba
34:43 Scale Barding Armor
35:47 Chain Barding Armor
35:06 Heavy Camel Rider
36:15 Bloodlines
36:16 Tigui
39:59 Plate Barding Armor
41:19 Husbandry
OfFspRlNg
7:07 Feudal Age
11:05 Castle Age
9:57 Double-Bit Axe
17:02 Bow Saw
19:18 Wheelbarrow
20:27 Hand Cart
20:06 Loom
24:28 Imperial Age
22:54 Husbandry
23:03 Scale Barding Armor
23:09 Forging
22:57 Gold Mining
25:32 Chain Barding Armor
25:16 Cavalier
26:47 Paladin
28:22 Plate Barding Armor
29:03 Chemistry
29:21 Iron Casting
29:37 Gold Shaft Mining
29:51 Conscription
31:35 Blast Furnace
35:07 Siege Engineers
36:39 Fletching
36:50 Padded Archer Armor
37:41 Caravan
40:13 Ballistics
39:52 Bodkin Arrow
40:28 Light Cavalry
42:08 Leather Archer Armor
Slayer
5:34 Feudal Age
10:55 Castle Age
9:28 Double-Bit Axe
9:27 Horse Collar
11:57 Loom
16:22 Bow Saw
17:50 Scale Mail Armor
18:20 Forging
20:17 Chain Mail Armor
20:38 Squires
20:23 Arson
22:01 Iron Casting
25:57 Stone Mining
30:03 Imperial Age
30:19 Chieftains
30:09 Elite Varangian Guard
31:20 Plate Mail Armor
32:30 Blast Furnace
31:08 Capped Ram
33:34 Fletching
35:21 Caravan
35:53 Coinage
36:47 Pikeman
40:10 Conscription
40:05 Siege Engineers
40:26 Bodkin Arrow
41:10 Padded Archer Armor
41:34 Ballistics
41:16 Bracer
41:01 Crossbowman
43:15 Chemistry
raw0000
4:17 Double-Bit Axe
4:44 Horse Collar
7:00 Feudal Age
8:06 Heavy Plow
8:17 Bow Saw
9:07 Wheelbarrow
14:02 Castle Age
16:16 Hand Cart
17:15 Two-Man Saw
18:07 Crop Rotation
24:42 Guilds
24:41 Caravan
25:17 Fortified Wall
24:48 Treadmill Crane
25:06 Murder Holes
26:02 Loom
26:45 Hand Cart
26:15 Town Watch
27:08 Masonry
30:24 Imperial Age
27:55 Gold Mining
28:01 Stone Mining
28:22 Forging
29:44 Iron Casting
29:18 Scale Barding Armor
29:19 Husbandry
28:39 Cavalier
30:27 Paladin
32:10 Blast Furnace
31:32 Chain Barding Armor
39:37 Pikeman
40:18 Squires
40:47 Scale Mail Armor
41:31 Halberdier
chr0rk
8:23 Feudal Age
10:04 Double-Bit Axe
9:59 Horse Collar
10:30 Loom
10:49 Loom
13:05 Castle Age
14:37 Bow Saw
16:07 Heavy Plow
23:24 Caravan
23:50 Fletching
27:10 Imperial Age
25:18 Wheelbarrow
25:10 Bodkin Arrow
25:25 Padded Archer Armor
25:16 Gold Mining
27:30 Ballistics
27:54 Gold Shaft Mining
27:36 Leather Archer Armor
27:27 Thumb Ring
27:25 Husbandry
27:35 Bloodlines
27:57 Bracer
28:58 Chemistry
29:52 Elite Mangudai
34:36 Town Watch
35:53 Coinage
38:03 Banking
38:04 Capped Ram
39:31 Masonry
40:15 Drill
40:24 Siege Ram
HY
6:51 Feudal Age
9:03 Double-Bit Axe
11:43 Castle Age
9:29 Horse Collar
10:31 Loom
12:47 Bow Saw
15:14 Wheelbarrow
16:56 Hand Cart
17:32 Stone Mining
20:46 Heavy Plow
20:39 Gold Mining
21:55 Gold Shaft Mining
25:40 Imperial Age
23:14 Fletching
23:26 Scale Mail Armor
23:36 Forging
25:14 Crossbowman
26:00 Thumb Ring
25:51 Bodkin Arrow
25:57 Padded Archer Armor
26:37 Ballistics
28:04 Coinage
28:40 Two-Man Saw
28:21 Bracer
29:22 Chemistry
27:45 Arbalester
29:29 Conscription
30:47 Leather Archer Armor
30:40 Arrowslits
30:46 Guard Tower
31:07 Masonry
32:13 Banking
31:53 Guilds
32:28 Ring Archer Armor
33:07 Keep
32:28 Murder Holes
32:37 Town Watch
32:34 Elite Hearth Troop
33:56 Hoardings
33:45 Chain Mail Armor
34:06 Iron Casting
35:21 Architecture
34:41 Elite Skirmisher
37:20 Plate Mail Armor
39:57 Pikeman
40:38 Squires
TaiwanIsChina's
1:11 Loom
7:37 Feudal Age
9:07 Double-Bit Axe
14:28 Castle Age
12:39 Horse Collar
13:37 Gold Mining
15:39 Bow Saw
16:15 Heavy Plow
20:38 Wheelbarrow
21:22 Fortified Wall
23:21 Scale Barding Armor
23:29 Scale Barding Armor
24:38 Chain Barding Armor
28:32 Imperial Age
27:11 Forging
29:38 Hand Cart
31:13 Crop Rotation
34:06 Elite Skirmisher
36:16 Chemistry
35:55 Conscription
36:44 Caravan
37:01 Murder Holes
38:12 Two-Man Saw
Connection lost

Rejoining the realm…

Still unreachable

The connection could not be restored.

Session expired

The server has moved on; the page needs a fresh start.